 Dungeon Crawl Stone Soup version 0.30-a0-422-g946f4849ff (webtiles) character file.

Game seed: 14489266086725693156

364 cforsyth the Chopper (level 6, -10/58 HPs)
             Began as a Hill Orc Monk on Dec 8, 2022.
             Was a Believer of Beogh.
             Mangled by an ogre
             ... wielding a +0 giant spiked club
              (17 damage)
             ... on level 5 of the Dungeon.
             The game lasted 00:10:44 (3498 turns).

cforsyth the Chopper (Hill Orc Monk)                Turns: 3498, Time: 00:10:45

Health: -10/58     AC: 10    Str: 22    XL:     6   Next: 67%
Magic:  6/6        EV: 11    Int: 10    God:    Beogh [**....]
Gold:   311        SH:  0    Dex: 13    Spells: 5/5 levels left

rFire   . . .      SeeInvis .    y - +0 war axe
rCold   . . .      Faith    .    (no shield)
rNeg    . . .      Spirit   .    t - +0 ring mail
rPois   .          Reflect  .    d - +0 helmet
rElec   .          Harm     .    (no cloak)
rCorr   .          Rampage  .    (no gloves)
Will    .....                    (no boots)
Stlth   +.........               (no amulet)
HPRegen 0.29/turn                a - +4 ring of protection
MPRegen 0.10/turn                s - +6 ring of strength

@: lethally poisoned (-10 -> -13)
A: no striking features
a: Renounce Religion, Smiting


You were on level 5 of the Dungeon.
You worshipped Beogh.
Beogh was pleased with you.
You visited 1 branch of the dungeon, and saw 5 of its levels.
You also visited: Sewer.

You collected 331 gold pieces.
You spent 20 gold pieces at shops.

Inventory:

Hand Weapons
 y - a +0 war axe (weapon)
Armour
 d - a +0 helmet (worn)
 t - a +0 ring mail (worn)
Jewellery
 a - a +4 ring of protection (left hand)
 g - the ring "Zushrir" {rElec Str+6 Slay-5 SInv}
   (You found it on level 3 of the Dungeon)

   [ring of see invisible]

   Str:       It affects your strength (+6).
   Slay:      It affects your accuracy & damage with ranged weapons and melee
   (-5).
   rElec:     It insulates you from electricity.
   SInv:      It lets you see invisible.
 o - a ring of poison resistance
 s - a +6 ring of strength (right hand)
Wands
 v - a wand of paralysis (1)
Scrolls
 e - a scroll of poison {unknown}
 f - 4 scrolls of teleportation {unknown}
 i - 2 scrolls of vulnerability {unknown}
 k - 2 scrolls of brand weapon {unknown}
 m - a scroll of immolation {unknown}
 n - a scroll of fear {unknown}
 p - a scroll of magic mapping {unknown}
 u - a scroll of blinking {unknown}
 w - a scroll of butterflies {unknown}
 x - a scroll of enchant weapon {unknown}
Potions
 b - 2 potions of brilliance {unknown}
 c - 2 potions of ambrosia
 h - a potion of berserk rage
 j - 2 potions of magic {unknown}
 l - a potion of mutation
 q - 2 potions of flight
 r - 2 potions of cancellation {unknown}


   Skills:
 + Level 6.6 Fighting
 + Level 7.3 Axes
 - Level 2.4 Dodging
 - Level 1.5 Stealth


You had 5 spell levels left.
You didn't know any spells.
Your spell library contained the following spells:

 Spells                   Type           Power      Damage    Failure   Level
 Apportation              Tloc           0%         N/A       52%         1
 Necrotise                Necr           0%         1d4       52%         1
 Summon Small Mammal      Summ           0%         N/A       52%         1


Dungeon Overview and Level Annotations

Branches:
Dungeon (5/15)              Sewer (visited)
 Temple: D:4-7

Altars:
Beogh

Shops:
D:1 *

Annotations:
D:4 bronco's ghost, novice HuMo


Message History

The gnoll is heavily wounded.
You slash the gnoll!
The gnoll hits you but does no damage. x2
You hit the gnoll.
You kill the gnoll!
Beogh accepts your kill.
You barely miss the gnoll. The gnoll barely misses you.
You hit the gnoll.
The gnoll is almost dead.
You hit the ogre. The ogre barely misses you.
The gnoll hits you but does no damage.
You slash the gnoll!
You kill the gnoll!
Beogh accepts your kill.
You hit the ogre.
The ogre hits you with a +0 giant spiked club!!
You are too injured to fight recklessly!
You are too injured to fight recklessly!
You are too injured to fight recklessly!
You are too injured to fight recklessly!
Unknown command.
Unknown command.
Aiming: Paralyse
Press: ? - help, Shift-Dir - straight line, f - ogre
Aim: an ogre, wielding a +0 giant spiked club (moderately wounded, chance to affect: 49%)
The ogre resists with some effort.
The adder bites you.
You are poisoned.
The adder poisons you! The adder bites you but does no damage.
Unknown command.
Aiming: Paralyse
Press: ? - help, Shift-Dir - straight line, f/p - ogre
Aim: an ogre, wielding a +0 giant spiked club (moderately wounded, chance to affect: 49%)
The ogre resists with some effort.
You feel sick.
The ogre hits you with a +0 giant spiked club!
* * * LOW HITPOINT WARNING * * *
The adder closely misses you.
Unknown command.
Unknown command.
You feel sick.
The ogre hits you with a +0 giant spiked club!
You die...

#.......# . #.......# #.
#<......# ###.######.......#
##..........##..###
............##<.#
#..........##..# #..............#
#...# ###...O@####..# #...#
#.####...#S# #..# #...#
#........#)# #..# #.).#
...######..#g####.># #...# ##
.#....#### #..........# #...# #.
..........###..........###...# #.
............#..>.....#.##....###.
...... ...#.O.##.............##..
..(...###..#..###............##.#


You could see an ogre, a gnoll and an adder.

Vanquished Creatures
  A water moccasin (Sewer)
  An ogre (D:5)
  A howler monkey (D:4)
  3 gnolls (D:5)
  3 adders
  A dart slug (D:5)
  12 bats
  7 endoplasms
  4 giant cockroaches
  4 hobgoblins
  6 kobolds
  2 quokkas
  12 ball pythons
  6 frilled lizards
  8 goblins
  2 rats
73 creatures vanquished.

Vanquished Creatures (others)
  2 orcs (D:4)
2 creatures vanquished.

Grand Total: 75 creatures vanquished

Notes
Turn   | Place    | Note
-------+----------+-------------------------------------------
     0 | D:1      | cforsyth the Hill Orc Monk began the quest for the Orb.
     0 | D:1      | Reached XP level 1. HP: 19/19 MP: 1/1
   163 | D:1      | Reached XP level 2. HP: 27/27 MP: 2/2
   200 | D:1      | Found Riskiw's General Store.
   242 | D:1      | Bought a scroll of identify for 20 gold pieces
   739 | D:1      | Reached XP level 3. HP: 30/34 MP: 3/3
  1059 | D:2      | Found a faded altar of an unknown god.
  1223 | D:2      | Reached skill level 5 in Axes
  1364 | D:2      | Reached XP level 4. HP: 38/41 MP: 4/4
  2027 | D:3      | Reached skill level 5 in Fighting
  2153 | D:3      | Identified the ring "Zushrir" {rElec Str+6 Slay-5 SInv}
  2562 | D:4      | Found a glowing drain.
  2571 | Sewer    | Entered a sewer
  2616 | Sewer    | Noticed a water moccasin
  2629 | Sewer    | Killed a water moccasin
  2630 | Sewer    | Reached skill level 6 in Axes
  2630 | Sewer    | Reached XP level 5. HP: 50/50 MP: 5/5
  2891 | D:4      | Found a runed translucent gate.
  2892 | D:4      | Found a runed translucent gate.
  2892 | D:4      | Noticed bronco's ghost (novice HuMo)
  2893 | D:4      | Found a runed translucent gate.
  2896 | D:4      | Found a roughly hewn altar of Beogh.
  2905 | D:4      | Became a worshipper of Beogh the Brigand
  2905 | D:4      | Reached * piety under Beogh
  2905 | D:4      | Reached ** piety under Beogh
  3219 | D:4      | Reached XP level 6. HP: 53/57 MP: 6/6
  3305 | D:5      | Entered Level 5 of the Dungeon
  3417 | D:5      | Reached skill level 7 in Axes
  3498 | D:5      | Mangled by an ogre

Illustrated notes

Levels and vault maps discovered:
D:1:      minmay_arrival_shattered_statue, layout_basic, serial_shops,
          nicolae_shop_waterfront
D:2:      layout_rooms, hellmonk_ecumenical_altar_slurped_away
D:3:      layout_basic, kennysheep_another_room
D:4:      layout_loops_ring, portal_sewer_entry_d, biasface_ghost_orc_armoury,
          serial_co_window_serial, co_window_paths_a,
          co_window_of_opportunity_a, co_window_corner_a, co_window_corner_a,
          co_window_paths_b, co_window_paths_a, co_window_paths_a,
          co_window_corner_b, co_window_2corner, co_window_unsneaky_path_e,
          co_window_paths_c, co_window_of_opportunity_b, co_window_2corner,
          glass_columns_a, glass_columns_a, glass_columns_c,
          uniq_crazy_yiuf_cottage
D:5:      layout_rooms

Skill      XL: |  1  2  3  4  5  6 |
---------------+-------------------+-----
Fighting       | 4 5 6 |  6.6
Axes           | 5 6 7 |  7.3
Dodging        | |  2.4
Stealth        | |  1.5

Action                   |  1- 3 |  4- 6 || total
-------------------------+-------+-------++-------
Melee: Hand axe          |   107 |   121 ||   228
       Punch             |       |     2 ||     2
       War axe           |       |    18 ||    18
Invok: Convert to Beogh  |       |     1 ||     1
Evoke: Wand              |       |     2 ||     2
  Use: Scroll            |     1 |     3 ||     4
       Potion            |       |     1 ||     1
 Stab: Sleeping          |     5 |     1 ||     6
Armor: Robe              |    26 |     3 ||    29
       Ring mail         |       |    51 ||    51
Dodge: Dodged            |    69 |    98 ||   167

Table legend: (Time is in decaauts)
 A = Elapsed time spent in this place.
 B = Non-inter-level travel time spent in this place.
 C = Inter-level travel time spent in this place.
 D = Time resting spent in this place.
 E = Time spent auto-exploring this place.
 F = Levels seen in this place.
 G = Mean time per level.
                   A        B        C        D        E       F      G
               +--------+--------+--------+--------+--------+-----+--------+
         Total |   3529 |   3399 |    130 |    168 |   2307 |   6 |  588.2 |
       Dungeon |   3349 |   3219 |    130 |    100 |   2276 |   5 |  669.8 |
         Sewer |    179 |    179 |      0 |     68 |     31 |   1 |  179.0 |
               +--------+--------+--------+--------+--------+-----+--------+

Top non-repeatable levels by time:
     D:3: 945 daAuts
     D:1: 869 daAuts
     D:2: 840 daAuts
     D:4: 499 daAuts
     D:5: 194 daAuts
   Sewer: 179 daAuts
